 Dungeon Crawl Stone Soup version 0.23.1 (console) character file.

Game seed: 3801827779092402005

6170 fly the Transmogrifier (level 10, -3/91 HPs)
             Began as an Ogre Transmuter on Mar 19, 2019.
             Was an Elder of Uskayaw.
             Shot with an arrow by a centaur (13 damage)
             ... on level 9 of the Dungeon.
             The game lasted 00:19:39 (8712 turns).

fly the Transmogrifier (Ogre Transmuter)            Turns: 8712, Time: 00:19:39

Health: -3/91      AC:  5    Str: 20      XL:     10   Next: 91%
Magic:  16/19      EV: 13    Int: 14      God:    Uskayaw [****..]
Gold:   486        SH:  0    Dex: 11 (12) Spells: 8/21 levels left

rFire    . . .     SeeInvis .   a - +7 whip "Zuseonoo" {slash, +Inv Str+4}
rCold    . . .     Gourm    .   (no shield)
rNeg     . . .     Faith    .   y - +0 troll leather armour {Purgy}
rPois    +         Spirit   .   (helmet restricted)
rElec    .         Reflect  .   (no cloak)
rCorr    .         Harm     .   (gloves unavailable)
MR       +....                  (boots unavailable)
Stlth    +.........             (no amulet)
HPRegen  0.65/turn              b - ring of poison resistance
MPRegen  0.16/turn              (no ring)

@: no status effects
A: large, unfitting armour, tough skin 1
a: Stomp, Line Pass, Renounce Religion, Evoke Invisibility


You were on level 9 of the Dungeon.
You worshipped Uskayaw.
Uskayaw was noncommittal.
You were not hungry.

You visited 2 branches of the dungeon, and saw 10 of its levels.
You also visited: Sewer.

You collected 486 gold pieces.

Inventory:

Hand Weapons
 a - the +7 whip "Zuseonoo" (weapon) {slash, +Inv Str+4}
   (You found it on level 6 of the Dungeon)

   It inflicts extra damage upon your enemies.
   It affects your strength (+4).
   It lets you turn invisible.
Missiles
 p - 269 arrows
Armour
 y - a +0 troll leather armour (worn) {Purgy}
Jewellery
 b - a ring of poison resistance (left hand)
 G - an uncursed ring of wizardry
Wands
 c - a wand of acid (18)
 D - a wand of iceblast (4)
 H - a wand of disintegration (16)
Scrolls
 e - 3 scrolls of random uselessness
 i - 2 scrolls of noise {unknown}
 l - 4 scrolls of teleportation
 m - 6 scrolls of remove curse {unknown}
 n - 2 scrolls of fog {unknown}
 r - a scroll of immolation {unknown}
 v - a scroll of enchant armour {unknown}
 w - 2 scrolls of fear {unknown}
 z - 3 scrolls of blinking {unknown}
 E - a scroll of silence {unknown}
 F - a scroll of amnesia {unknown}
 I - 2 scrolls of enchant weapon {unknown}
Potions
 f - 4 potions of lignification
 g - 4 potions of curing
 h - a potion of mutation
 j - 2 potions of flight
 k - a potion of might
 o - 2 potions of magic
 q - a potion of degeneration
 s - a potion of resistance
 t - a potion of agility
 u - 3 potions of heal wounds
 x - a potion of brilliance {unknown}
 A - 2 potions of berserk rage
 B - a potion of invisibility {unknown}
 C - a potion of cancellation
Comestibles
 d - 15 rations
 J - a chunk of flesh


   Skills:
 - Level 3.0 Fighting
 + Level 7.6 Dodging
 - Level 3.0 Unarmed Combat
 - Level 6.0 Spellcasting
 - Level 6.1 Conjurations
 - Level 1.0 Translocations
 - Level 10.0 Transmutations


You had 8 spell levels left.
You knew the following spells:

 Your Spells              Type           Power        Failure   Level  Hunger
b - Blink                 Tloc           N/A          19%         2    #......
c - Ice Form              Ice/Tmut       ###.....     24%         4    ####...
f - Mephitic Cloud        Conj/Pois/Air  #.......     24%         3    ###....
s - Spider Form           Tmut/Pois      ###.......   7%          3    ###....
z - Beastly Appendage     Tmut           ####..       1%          1    None

Your spell library contained the following spells:

 Spells                   Type           Power        Failure   Level  Hunger
 Magic Dart               Conj           ###.         1%          1    None
 Sticks to Snakes         Tmut           ####....     1%          2    #......
 Searing Ray              Conj           ###...       2%          2    #......
 Sting                    Conj/Pois      ##..         5%          1    None
 Blade Hands              Tmut           ####......   9%          5    ######.
 Iskenderun's Mystic Bla  Conj           ###.....     14%         4    ####...
 Conjure Flame            Conj/Fire      ##......     16%         3    ###....
 Dazzling Spray           Conj/Hex       ##....       16%         3    ###....
 Call Imp                 Summ           #.......     28%         2    #......
 Poisonous Vapours        Pois/Air       #.....       28%         2    #......
 Slow                     Hex            #.......     28%         2    #......
 Force Lance              Conj/Tloc      ##......     38%         4    ####...
 Fulminant Prism          Conj/Hex       ##........   45%         4    ####...
 Venom Bolt               Conj/Pois      ##........   82%         5    ######.
 Olgreb's Toxic Radiance  Pois           #.......     88%         4    ####...


Dungeon Overview and Level Annotations

Branches:
Dungeon (9/15)             Temple (1/1) D:6            Lair (0/6) D:8
    Orc: D:9-12

Altars:
Ashenzari
Cheibriados
Dithmenos
Elyvilon
Gozag
Hepliaklqana
Kikubaaqudgha
Nemelex Xobeh
Okawaru
Qazlal
Ru
Sif Muna
Uskayaw
Vehumet
Wu Jian
Xom
Yredelemnul
The Shining One

Shops:
D:5 }%(

Annotations:
D:4 3 runed translucent doors, Kairos's ghost, amateur VSEn


Innate Abilities, Weirdness & Mutations

You are too large for most types of armour.
You have tough skin. (AC +1)


Message History

* * * LOW HITPOINT WARNING * * *
An ice beast comes into view.
The orc barely misses you.
The centaur wields a +0 shortbow.
The centaur shoots an arrow.
The arrow hits you!
* * * LOW HITPOINT WARNING * * *
The quasit bites you but does no damage.
The quasit closely misses you. The quasit misses you.
The orc barely misses you.
The centaur shoots an arrow.
The arrow hits you.
* * * LOW HITPOINT WARNING * * *
You see here an arrow.
Unknown command.
You feel much better. The orc hits you but does no damage.
The quasit bites you but does no damage.
The quasit barely misses you.
The quasit claws you but does no damage.
The orc warrior hits you with a cursed -1 dire flail!
* * * LOW HITPOINT WARNING * * *
Unknown command.
The centaur shoots an arrow.
The arrow hits you!
You die...

#.#.#.## .. ..#.. ##.....#
#.# #....$. ##.....#####
####.##.......
#<.....#.#.###.<...........
#..#........#..............
....#......#......(........
...............##..........
................#.5....#Y..
................@(oo.o.....
......<..........oo........
..................†.......#
...........(.............##
........................##
.......................##
...................c..##
.....................##
......................


You could see an orc warrior, a centaur, an orc priest, a quasit and 3 orcs.

Vanquished Creatures
  A two-headed ogre (D:9)
  2 kobold demonologists (D:7)
  Grinder (D:6)
  A wyvern (D:8)
  2 humans (D:8)
  Menkaure (D:6)
  Duvessa (D:5)
  Purgy (Sewer)
  2 ice beasts
  2 sky beasts
  2 black bears
  2 orc warriors
  A phantom (D:4)
  3 ogres
  7 centaurs
  A big kobold (D:8)
  2 bullfrogs (D:7)
  Dowan (D:5)
  A wyvern skeleton (D:9)
  7 scorpions
  5 wights
  3 howler monkeys
  7 crimson imps
  2 centaur zombies
  2 orc priests
  5 hounds
  A centaur skeleton (D:8)
  A bullfrog skeleton (D:7)
  3 iguanas
  5 orc wizards
  6 worker ants
  Terence (D:3)
  A hound zombie (D:7)
  A hound skeleton (D:7)
  11 adders
  3 gnolls (D:8)
  2 oozes
  An adder zombie (D:5)
  3 adder skeletons
  3 worms
  2 dart slugs
  3 leopard geckos
  12 orcs
  8 bats
  4 giant cockroaches
  8 hobgoblins
  9 jackals
  11 kobolds
  5 quokkas
  6 frilled lizards
  9 goblins
  2 jackal zombies
  A leopard gecko skeleton (D:4)
  2 quokka skeletons (D:6)
  11 rats
200 creatures vanquished.

Vanquished Creatures (others)
  3 fungi (D:8)
3 creatures vanquished.

Grand Total: 203 creatures vanquished

Notes
Turn   | Place    | Note
-------+----------+-------------------------------------------
     0 | D:1      | fly the Ogre Transmuter began the quest for the Orb.
     0 | D:1      | Reached XP level 1. HP: 19/19 MP: 3/3
   187 | D:1      | Reached XP level 2. HP: 15/28 MP: 3/5
   418 | D:1      | Reached skill level 2 in Transmutations
   868 | D:1      | Reached XP level 3. HP: 31/35 MP: 7/7
  1540 | D:2      | Found a glowing golden altar of the Shining One.
  1727 | D:3      | Reached XP level 4. HP: 20/44 MP: 8/8
  2031 | D:2      | Reached XP level 5. HP: 37/53 MP: 9/9
  2166 | D:3      | Noticed a centaur
  2180 | D:3      | Killed a centaur
  2180 | D:3      | Reached skill level 3 in Transmutations
  2516 | D:3      | Reached skill level 4 in Transmutations
  2516 | D:3      | Reached XP level 6. HP: 44/61 MP: 8/10
  2903 | D:3      | Noticed Terence
  2929 | D:3      | Killed Terence
  2939 | D:3      | Learned a level 3 spell: Spider Form
  2944 | D:3      | Learned a level 4 spell: Ice Form
  3192 | D:4      | Reached skill level 5 in Transmutations
  3211 | D:4      | Reached XP level 7. HP: 67/67 MP: 7/11
  3278 | D:4      | Reached skill level 6 in Transmutations
  3500 | D:4      | Noticed Kairos's ghost (amateur VSEn)
  3798 | D:4      | Found a runed translucent gate.
  3799 | D:4      | Found a runed translucent gate.
  3799 | D:4      | Found a runed translucent gate.
  3894 | D:5      | Entered Level 5 of the Dungeon
  3956 | D:5      | Found a glowing drain.
  3962 | Sewer    | Entered a sewer
  4122 | Sewer    | Noticed Purgy
  4137 | Sewer    | Killed Purgy
  4137 | Sewer    | Reached skill level 5 in Dodging
  4137 | Sewer    | Reached XP level 8. HP: 62/75 MP: 9/12
  4268 | D:5      | Found Nuwkon's Gadget Shoppe.
  4364 | D:5      | Found Zumem's Food Shoppe.
  4412 | D:5      | Found Xaufuga's Antique Weapon Boutique.
  4421 | D:5      | Noticed Dowan
  4428 | D:5      | Noticed Duvessa
  4691 | D:5      | Killed Duvessa
  5035 | D:5      | Killed Dowan
  5312 | D:6      | Found a staircase to the Ecumenical Temple.
  5328 | D:6      | Reached XP level 9. HP: 58/81 MP: 11/15
  5385 | Temple   | Entered the Ecumenical Temple
  5504 | Temple   | Became a worshipper of Uskayaw the Reveler
  5570 | D:6      | Reached * piety under Uskayaw
  5582 | D:6      | Found an ancient bone altar of Kikubaaqudgha.
  5594 | D:6      | Reached skill level 5 in Spellcasting
  5594 | D:6      | Reached ** piety under Uskayaw
  5619 | D:6      | Reached skill level 7 in Transmutations
  5792 | D:6      | Got an encrusted whip
  5793 | D:6      | Identified the +7 whip "Zuseonoo" {slash, +Inv Str+4} (You
                  | found it on level 6 of the Dungeon)
  5812 | D:6      | Noticed Grinder
  5813 | D:6      | Paralysed by Grinder for 5 turns
  5823 | D:6      | Paralysed by Grinder for 4 turns
  5884 | D:6      | Paralysed by Grinder for 6 turns
  5896 | D:6      | Killed Grinder
  5896 | D:6      | Reached *** piety under Uskayaw
  6473 | D:6      | Noticed Menkaure
  6479 | D:6      | Killed Menkaure
  6652 | D:7      | Reached skill level 8 in Transmutations
  6663 | D:7      | Learned a level 2 spell: Blink
  6667 | D:7      | Learned a level 3 spell: Mephitic Cloud
  6820 | D:7      | Reached **** piety under Uskayaw
  6846 | D:7      | Found a sacrificial altar of Ru.
  6846 | D:7      | Found a stormy altar of Qazlal.
  7092 | D:7      | Found a basalt altar of Yredelemnul.
  7092 | D:7      | Found a hazy altar of Hepliaklqana.
  7165 | D:7      | Reached skill level 9 in Transmutations
  7435 | D:8      | Noticed a kobold demonologist
  7435 | D:8      | Noticed a kobold demonologist
  7450 | D:7      | Killed a kobold demonologist
  7450 | D:7      | Reached XP level 10. HP: 71/91 MP: 17/19
  7496 | D:7      | Killed a kobold demonologist
  7554 | D:8      | Reached skill level 10 in Transmutations
  7582 | D:8      | Reached skill level 1 in Translocations
  7598 | D:8      | Reached skill level 1 in Conjurations
  7643 | D:8      | Reached ***** piety under Uskayaw
  7841 | D:8      | Found a staircase to the Lair.
  7978 | D:8      | Found an iron altar of Okawaru.
  8394 | D:9      | Found a snail-covered altar of Cheibriados.
  8399 | D:9      | Found a deep blue altar of Sif Muna.
  8506 | D:9      | Noticed a two-headed ogre
  8538 | D:9      | Killed a two-headed ogre
  8538 | D:9      | Reached skill level 5 in Conjurations
  8712 | D:9      | Shot with an arrow by a centaur

Skill      XL: |  1  2  3  4  5  6  7  8  9 10 |
---------------+-------------------------------+-----
Dodging        | 2 3 5 7 |  7.6
Transmutations | 2 4 5 6 9 10 | 10.0
Fighting       | 2 3 |  3.0
Unarmed Combat | 3 |  3.0
Spellcasting   | 3 4 6 |  6.0
Translocations | 1 |  1.0
Conjurations   | 6 |  6.1

Action                   |  1- 3 |  4- 6 |  7- 9 | 10-12 || total
-------------------------+-------+-------+-------+-------++-------
Melee: Unarmed           |   176 |    49 |   134 |    30 ||   389
       Kick              |     6 |     8 |     2 |    24 ||    40
       Headbutt          |    11 |     8 |     3 |       ||    22
       Punch             |     1 |     4 |     3 |     5 ||    13
       Trident           |       |   124 |   125 |       ||   249
       Dagger            |       |       |    35 |       ||    35
       Whip              |       |       |    98 |   156 ||   254
 Cast: Beastly Appendage |    15 |    15 |    11 |     6 ||    47
       Spider Form       |       |     2 |    17 |     4 ||    23
       Mephitic Cloud    |       |       |       |     2 ||     2
 Abil: End Transformatio |       |       |     1 |       ||     1
Evoke: Wand              |       |       |     4 |       ||     4
  Use: Scroll            |       |     5 |     8 |     1 ||    14
       Potion            |       |     1 |     2 |     1 ||     4
 Stab: Paralysed         |       |       |     2 |     8 ||    10
       Sleeping          |       |       |       |     1 ||     1
  Eat: Chunk             |     3 |     5 |    16 |     6 ||    30
Armor: Robe              |    66 |    65 |    19 |       ||   150
       Skin              |       |     1 |     6 |       ||     7
       Troll leather arm |       |       |    64 |    48 ||   112
Dodge: Dodged            |    79 |   103 |   321 |   157 ||   660
